 Dungeon Crawl Stone Soup version 0.28.0 (webtiles) character file.

Game seed: 17909350204652262707

117 Sanktem7 the Chopper (level 4, -4/38 HPs)
             Began as a Minotaur Gladiator on Feb 11, 2022.
             Slain by a gnoll (8 damage)
             ... on level 3 of the Dungeon.
             The game lasted 00:04:31 (2699 turns).

Sanktem7 the Chopper (Minotaur Gladiator)           Turns: 2699, Time: 00:04:32

Health: -4/38      AC: 12    Str: 20    XL:     4   Next: 71%
Magic:  3/3        EV:  6    Int:  5    God:
Gold:   115        SH:  0    Dex: 12    Spells: 3/3 levels left

rFire   . . .      SeeInvis .   a - +0 war axe
rCold   . . .      Faith    .   (no shield)
rNeg    . . .      Spirit   .   o - +0 plate armour
rPois   .          Reflect  .   c - +0 hat
rElec   .          Harm     .   l - +0 cloak
rCorr   .          Rampage  .   p - +0 pair of gloves
Will    .....                   (no boots)
Stlth   ..........              (no amulet)
HPRegen 0.12/turn               (no ring)
MPRegen 0.08/turn               (no ring)

@: no status effects
A: horns 2, retaliatory headbutt
a: no special abilities


You were on level 3 of the Dungeon.
You visited 1 branch of the dungeon, and saw 3 of its levels.

You collected 115 gold pieces.

Inventory:

Hand Weapons
 a - a +0 war axe (weapon)
Missiles
 d - 3 throwing nets (quivered)
Armour
 c - a +0 hat (worn)
 l - a +0 cloak (worn)
 o - a +0 plate armour (worn)
 p - a +0 pair of gloves (worn)
Scrolls
 e - a scroll of noise {unknown}
 f - a scroll of brand weapon {unknown}
 g - a scroll of fear {unknown}
 h - a scroll of fog {unknown}
 j - 2 scrolls of identify {unknown}
 n - a scroll of teleportation {unknown}
Potions
 i - a potion of flight {unknown}
 k - a potion of lignification {unknown}
 m - a potion of brilliance {unknown}


   Skills:
 * Level 3.1 Fighting
 * Level 5.4 Axes
 + Level 2.0 Throwing
 + Level 1.5 Armour
 + Level 3.9 Dodging
 + Level 0.4 Stealth


You had 3 spell levels left.
You didn't know any spells.
Your spell library contained the following spells:

 Spells                   Type           Power      Damage    Failure   Level
 Slow                     Hex            0%         N/A       100%        1
 Confusing Touch          Hex            0%         N/A       100%        3
 Tukima's Dance           Hex            0%         N/A       100%        3
 Vampiric Draining        Necr           0%         2d6       100%        3
 Anguish                  Hex/Necr       0%         N/A       100%        4
 Enfeeble                 Hex            0%         N/A       100%        7


Dungeon Overview and Level Annotations

Branches:
Dungeon (3/15)

Altars:

Shops:
D:1 :


Innate Abilities, Weirdness & Mutations

You have a pair of horns on your head.
You reflexively headbutt those who attack you in melee.


Message History

The gnoll hits you but does no damage. The rat bites you but does no damage.
You hit the rat.
You kill the rat!
The gnoll hits you but does no damage. x2
The gnoll hits you with a +0 spear.
Things that are here:
a +0 whip; a +0 club; a gnoll corpse You barely miss the gnoll.
An orc comes into view. It is wielding a +0 dagger.
The gnoll hits you with a +0 spear.
The orc moves out of view.
You slash the gnoll! You headbutt the gnoll.
You kill the gnoll!
The goblin hits you but does no damage.
You slash the goblin!
You kill the goblin!
The endoplasm hits you.
Items here: ))) †.
You hit the endoplasm.
The endoplasm is severely wounded.
The endoplasm hits you but does no damage. x2
You hit the endoplasm.
You kill the endoplasm!
The gnoll closely misses you. You furiously retaliate!
You headbutt the gnoll. You barely miss the gnoll.
Your headbutt misses the gnoll.
The gnoll is lightly wounded.
The gnoll hits you with a +0 flail.
* * * LOW HITPOINT WARNING * * *
You hit the gnoll.
The gnoll is heavily wounded.
The gnoll hits you but does no damage.
You hit the gnoll.
The gnoll is severely wounded.
The gnoll hits you but does no damage.
You hit the gnoll but do no damage.
You headbutt the gnoll, but do no damage.
The gnoll is severely wounded.
The gnoll hits you with a +0 flail!
* * * LOW HITPOINT WARNING * * *
The gnoll hits you with a +0 flail!
You die...

##.#..... .#
#......###.####
#.............#
###....<........#
...............###
####..............
..........#.....
#########.# ####
.......#@#
.......g.#
######.###
...............
...............
...............
...............
...............
..>.......h....


You could see a gnoll.

Vanquished Creatures
  Jessica (D:2)
  3 gnolls (D:3)
  2 adders
  3 bats
  4 endoplasms
  A giant cockroach (D:1)
  5 goblins
  2 hobgoblins
  3 jackals (D:3)
  3 quokkas
  5 ball pythons
  3 frilled lizards
  4 kobolds
  4 rats
43 creatures vanquished.

Notes
Turn   | Place    | Note
-------+----------+-------------------------------------------
     0 | D:1      | Sanktem7 the Minotaur Gladiator began the quest for the
                  | Orb.
     0 | D:1      | Reached XP level 1. HP: 18/18 MP: 0/0
   245 | D:1      | Found Otsoggeni's Book Shop.
   409 | D:1      | Found a faded altar of an unknown god.
   512 | D:1      | Reached skill level 4 in Axes
   636 | D:1      | Reached XP level 2. HP: 18/25 MP: 1/1
  1770 | D:2      | Reached XP level 3. HP: 22/30 MP: 2/2
  1942 | D:2      | Noticed Jessica
  1948 | D:2      | Killed Jessica
  1949 | D:2      | Reached skill level 1 in Armour
  2652 | D:3      | Reached XP level 4. HP: 38/38 MP: 3/3
  2679 | D:3      | Reached skill level 5 in Axes
  2699 | D:3      | Slain by a gnoll

Illustrated notes

Levels and vault maps discovered:
D:1:      wander_arrival_peaceful_grave, layout_basic, serial_shops,
          nicolae_shop_crystal, ebering_ecumenical_altar_webs
D:2:      minmay_wonky_spiral, layout_basic, minmay_misc_feat_iff, uniq_jessica
D:3:      layout_basic, minmay_checkerbox

Skill      XL: |  1  2  3  4 |
---------------+-------------+-----
Axes           | 4 5 |  5.4
Armour         | 1 |  1.5
Fighting       | 3 |  3.1
Throwing       | |  2.0
Dodging        | |  3.9
Stealth        | |  0.4

Action                   |  1- 3 |  4- 6 || total
-------------------------+-------+-------++-------
Melee: War axe           |    62 |    35 ||    97
       Headbutt          |     7 |     4 ||    11
Armor: Leather armour    |    18 |       ||    18
       Plate armour      |       |    31 ||    31
Dodge: Dodged            |    47 |    16 ||    63
